 Dungeon Crawl Stone Soup version 0.27-a0-767-g00efbec225 (webtiles) character file.

Game seed: 323005738605518558

67 Ijustatesigmund the Skirmisher (level 4, 19/35 HPs)
             Began as a Demonspawn Fighter on Mar 25, 2021.
             Quit the game on level 3 of the Dungeon.
             The game lasted 00:02:27 (1663 turns).

Ijustatesigmund the Skirmisher (Demonspawn Fighter) Turns: 1663, Time: 00:02:28

Health: 19/35      AC:  6    Str: 16    XL:     4   Next: 0%
Magic:  4/4        EV:  7    Int:  9    God:
Gold:   78         SH:  8    Dex: 14    Spells: 3/3 levels left

rFire    . . .     SeeInvis .   a - +0 war axe
rCold    . . .     Faith    .   c - +0 kite shield
rNeg     . . .     Spirit   .   b - +0 scale mail
rPois    .         Reflect  .   (no helmet)
rElec    .         Harm     .   (no cloak)
rCorr    .         Rampage  .   (no gloves)
Will     .....                  (no boots)
Stlth    ..........             (no amulet)
HPRegen  0.11/turn              (no ring)
MPRegen  0.18/turn              (no ring)

@: no status effects
A: demonic guardian 2, magic regeneration
a: no special abilities


You were on level 3 of the Dungeon.
You visited 1 branch of the dungeon, and saw 3 of its levels.

You collected 78 gold pieces.

Inventory:

Hand Weapons
 a - a +0 war axe (weapon)
Armour
 b - a +0 scale mail (worn)
 c - a +0 kite shield (worn)
Jewellery
 k - a ring of resist corrosion
Scrolls
 e - a scroll of brand weapon {unknown}
 h - a scroll of enchant weapon {unknown}
 i - 2 scrolls of identify {unknown}
 j - a scroll of noise {unknown}
 l - a scroll of teleportation {unknown}
Potions
 d - 2 potions of might
 f - a potion of degeneration {unknown}
 g - a potion of heal wounds {unknown}


   Skills:
 + Level 3.4 Fighting
 * Level 3.0 Axes
 - Level 2.6 Armour
 + Level 1.4 Dodging
 - Level 2.6 Shields


You had 3 spell levels left.
You didn't know any spells.
Your spell library contained the following spells:

 Spells                   Type           Power      Damage    Failure   Level
 Beastly Appendage        Tmut           0%         N/A       100%        1
 Wereblood                Tmut           0%         N/A       100%        2
 Spider Form              Tmut/Pois      0%         N/A       100%        3
 Ice Form                 Ice/Tmut       0%         N/A       100%        4
 Blade Hands              Tmut           0%         N/A       100%        5


Dungeon Overview and Level Annotations

Branches:
Dungeon (3/15)

Altars:
Ru
The Shining One


Innate Abilities, Weirdness & Mutations

A demonic guardian rushes to your aid.
You regenerate magic rapidly.


Message History

An orc comes into view.
It is wielding a +1 short sword of protection.
The orc shouts!
You hear a shout! x5
An orc comes into view. It is wielding a +0 club.
An orc comes into view. It is wielding a +0 short sword.
You hear a shout! x2
An orc comes into view. It is wielding a +0 dagger.
An orc priest comes into view. It is wielding a +0 trident.
An orc comes into view. It is wielding a +0 club. x2
You barely miss the orc.
The orc hits you with a +1 short sword of protection.
You slash the orc!
You kill the orc!
An orc comes into view. It is wielding a +0 whip of venom.
The orc hits you with a +0 short sword.
The orc moves out of view.
Your shield and scale mail prevent you from hitting the orc.
The orc hits you with a +0 short sword.
You barely miss the orc. The orc barely misses you.
An orc comes into view. It is wielding a +0 trident.
The orc barely misses you. You block the orc priest's attack.
The orc shouts!
You hit the orc.
The orc is heavily wounded.
You hear a shout!
You block the orc's attack. You block the orc priest's attack.
You block the orc's attack.
You closely miss the orc.
The orc is heavily wounded.
The orc priest hits you from afar with a +0 trident!
A demonic guardian appears!
The orc hits you with a +0 short sword. You block the orc priest's attack.
You hit the orc but do no damage.
The orc is heavily wounded.
The orc hits you but does no damage. You block the orc priest's attack.
Your orange demon stings the orc from afar!
The orc dies!
An orc priest comes into view. It is wielding a +0 falchion.
You have reached level 4!
You feel agile.
Your demonic ancestry asserts itself...
Your magic begins to regenerate rapidly.
Are you sure you want to abandon this character and quit the game? (Confirm with "yes".) .... ...######## ......... .o..... .o... ooo

#o# #@#
####4######.
#...........
#####.##.#..<...
......##...####.
.........###
...####..# ##.
#...## #.##.###


You could see 2 orc priests, 4 orcs and a friendly orange demon (summoned).

Vanquished Creatures
  2 adders (D:2)
  A dart slug (D:2)
  An orc (D:3)
  7 endoplasms
  4 goblins
  5 hobgoblins
  4 jackals (D:2)
  2 kobolds (D:1)
  3 ball pythons (D:1)
  6 bats
  2 frilled lizards (D:2)
  4 rats
41 creatures vanquished.

Vanquished Creatures (collateral kills)
  An orc (D:3)
1 creature vanquished.

Vanquished Creatures (others)
  7 toadstools (D:1)
7 creatures vanquished.

Grand Total: 49 creatures vanquished

Notes
Turn   | Place    | Note
-------+----------+-------------------------------------------
     0 | D:1      | Ijustatesigmund the Demonspawn Fighter began the quest for
                  | the Orb.
     0 | D:1      | Reached XP level 1. HP: 18/18 MP: 1/1
    81 | D:1      | You fall into a shaft and drop 1 floor!
   188 | D:2      | Gained mutation: A weak demonic guardian rushes to your
                  | aid. [demonic ancestry]
   188 | D:2      | Reached XP level 2. HP: 18/24 MP: 2/2
   403 | D:1      | Reached skill level 1 in Dodging
   442 | D:1      | Gained mutation: A demonic guardian rushes to your aid.
                  | [demonic ancestry]
   442 | D:1      | Reached XP level 3. HP: 29/29 MP: 3/3
  1085 | D:2      | Found a sacrificial altar of Ru.
  1663 | D:3      | Gained mutation: You regenerate magic rapidly. [demonic
                  | ancestry]
  1663 | D:3      | Reached XP level 4. HP: 19/35 MP: 4/4
  1663 | D:3      | Quit the game

Illustrated notes

Levels and vault maps discovered:
D:1:      nagdon_arrival_double_spiral, layout_rooms
D:2:      layout_loops_ring, nicolae_overflow_hidden_temple, tso_metal_star
D:3:      layout_rooms, serial_shops, shop, minmay_misc_feat_plants,
          kennysheep_generic_room_16, uniq_ijyb, uniq_terence

Skill      XL: |  1  2  3 |
---------------+----------+-----
Axes           | 2 3 |  3.0
Dodging        | 1 |  1.4
Fighting       | |  3.4
Armour         | |  2.6
Shields        | |  2.6

Action                   |  1- 3 |  4- 6 || total
-------------------------+-------+-------++-------
Melee: War axe           |    79 |       ||    79
Armor: Scale mail        |    44 |       ||    44
Dodge: Dodged            |    35 |       ||    35
Block: Kite shield       |    37 |       ||    37

Table legend: (Time is in decaauts)
 A = Elapsed time spent in this place.
 B = Non-inter-level travel time spent in this place.
 C = Inter-level travel time spent in this place.
 D = Time resting spent in this place.
 E = Time spent auto-exploring this place.
 F = Levels seen in this place.
 G = Mean time per level.
                   A        B        C        D        E       F      G
               +--------+--------+--------+--------+--------+-----+--------+
         Total |   1712 |   1654 |     58 |     53 |   1360 |   3 |  570.7 |
       Dungeon |   1712 |   1654 |     58 |     53 |   1360 |   3 |  570.7 |
               +--------+--------+--------+--------+--------+-----+--------+

Top non-repeatable levels by time:
     D:2: 1080 daAuts
     D:1: 596 daAuts
     D:3: 35 daAuts
